 Dungeon Crawl Stone Soup version 0.28.0-1-gb440e238dd (webtiles) character file.

Game seed: 1337343609828766411

91 Ablot the Grasshopper (level 4, -9/38 HPs)
             Began as a Gnoll Warper on Feb 27, 2022.
             Mangled by an ogre (19 damage)
             ... on level 4 of the Dungeon.
             The game lasted 00:03:34 (2804 turns).

Ablot the Grasshopper (Gnoll Warper)                Turns: 2804, Time: 00:03:35

Health: -9/38      AC:  3    Str: 12    XL:     4   Next: 59%
Magic:  9/11       EV: 13    Int: 12    God:
Gold:   48         SH:  0    Dex: 12    Spells: 11/13 levels left

rFire   . . .      SeeInvis .   a - +0 spear
rCold   . . .      Faith    .   (no shield)
rNeg    . . .      Spirit   .   b - +0 leather armour
rPois   .          Reflect  .   (no helmet)
rElec   .          Harm     .   (no cloak)
rCorr   .          Rampage  .   (no gloves)
Will    .....                   (no boots)
Stlth   +.........              (no amulet)
HPRegen 0.12/turn               (no ring)
MPRegen 0.12/turn               (no ring)

@: no status effects
A: fangs 1, strong nose, distributed training
a: no special abilities


You were on level 4 of the Dungeon.
You visited 1 branch of the dungeon, and saw 3 of its levels.

You collected 60 gold pieces.
You spent 12 gold pieces at shops.

Inventory:

Hand Weapons
 a - a +0 spear (weapon)
Missiles
 h - 47 stones (quivered)
Armour
 b - a +0 leather armour (worn)
 l - a +2 kite shield
Scrolls
 c - a scroll of blinking
 e - a scroll of teleportation {unknown}
 f - a scroll of magic mapping {unknown}
 k - a scroll of identify {unknown}
 m - a scroll of silence {unknown}
Potions
 g - a potion of attraction {unknown}
 i - a potion of degeneration
 j - a potion of flight {unknown}
 n - a potion of berserk rage {unknown}


   Skills:
 + Level 4.6 Fighting
 + Level 1.2 Short Blades
 + Level 1.2 Long Blades
 + Level 1.2 Axes
 + Level 1.2 Maces & Flails
 + Level 4.6 Polearms
 + Level 1.2 Staves
 + Level 1.2 Slings
 + Level 1.2 Bows
 + Level 1.2 Crossbows
 + Level 2.8 Throwing
 + Level 2.8 Armour
 + Level 4.6 Dodging
 + Level 1.2 Stealth
 + Level 1.2 Shields
 + Level 1.2 Unarmed Combat
 + Level 5.1 Spellcasting
 + Level 1.0 Conjurations
 + Level 1.0 Hexes
 + Level 1.0 Summonings
 + Level 1.0 Necromancy
 + Level 5.5 Translocations
 + Level 1.0 Transmutations
 + Level 1.0 Fire Magic
 + Level 1.0 Ice Magic
 + Level 1.0 Air Magic
 + Level 1.0 Earth Magic
 + Level 1.0 Poison Magic
 + Level 1.3 Invocations
 + Level 1.2 Evocations


You had 11 spell levels left.
You knew the following spells:

 Your Spells              Type           Power      Damage    Failure   Level
a - Blink                 Tloc           32%        N/A       4%          2

Your spell library contained the following spells:

 Spells                   Type           Power      Damage    Failure   Level
 Gell's Gravitas          Tloc           16%        N/A       8%          3
 Lesser Beckoning         Tloc           16%        N/A       8%          3
 Teleport Other           Tloc           16%        N/A       8%          3
 Ensorcelled Hibernation  Hex/Ice        10%        N/A       26%         2
 Passwall                 Tmut/Erth      4%         N/A       26%         2
 Confusing Touch          Hex            5%         N/A       45%         3
 Swiftness                Air            5%         N/A       45%         3
 Manifold Assault         Tloc           16%        N/A       58%         5
 Yara's Violent Unravell  Hex/Tmut       2%         3d3       99%         5
 Enfeeble                 Hex            2%         N/A       100%        7


Dungeon Overview and Level Annotations

Branches:
Dungeon (2/15)

Altars:

Shops:
D:1 !


Innate Abilities, Weirdness & Mutations

You have very sharp teeth.
Your uncanny sense of smell can sniff out nearby items.
Your experience applies equally to all skills.


Message History

You are too injured to fight recklessly!
You are too injured to fight recklessly!
You are too injured to fight recklessly!
You can't go up here!
Casting: Blink (safe; 4% risk of failure)
Confirm with . or Enter, or press ? or * to list all spells.
You blink.
Throw: 5 boomerangs (disperse)
Press: ? - help, Q - select action, (/) - cycle Shift-Dir - straight line, f/p - ogre
Aim: an ogre, wielding a +0 giant club (heavily wounded, 75% to hit)
You throw a boomerang of dispersal.
The boomerang of dispersal barely misses the ogre.
Throw: 4 boomerangs (disperse)
Press: ? - help, Q - select action, (/) - cycle Shift-Dir - straight line, f/p - ogre
Aim: an ogre, wielding a +0 giant club (heavily wounded, 75% to hit)
You throw a boomerang of dispersal.
The boomerang of dispersal completely misses the ogre.
Throw: 3 boomerangs (disperse)
Press: ? - help, Q - select action, (/) - cycle Shift-Dir - straight line, f/p - ogre
Aim: an ogre, wielding a +0 giant club (heavily wounded, 75% to hit)
You throw a boomerang of dispersal.
The boomerang of dispersal hits the ogre!
The ogre blinks!
The ogre is severely wounded.
You feel stable enough to blink again.
Throw: 2 boomerangs (disperse)
Press: ? - help, Q - select action, (/) - cycle Shift-Dir - straight line, f/p - ogre
Aim: an ogre, wielding a +0 giant club (severely wounded, 75% to hit)
You throw a boomerang of dispersal.
The boomerang of dispersal hits the ogre.
The ogre blinks!
The ogre is almost dead.
Throw: boomerang (disperse)
Press: ? - help, Q - select action, (/) - cycle Shift-Dir - straight line, f/p - ogre
Aim: an ogre, wielding a +0 giant club (almost dead, 75% to hit)
You throw a boomerang of dispersal.
The boomerang of dispersal barely misses the ogre.
The ogre hits you with a +0 giant club!!
Ouch! That really hurt!
You die...

#.#### ∆ ..
...... . #.
....### .. #.
#.....
(##.###.#.##
.........§.#
#........####
#.............
#..@....#.####
#..O....# .#
#....†..# #
#.......#
#....)..#
#..)....#
#...........
........##.#.
..........#
...


You could see an ogre.

Vanquished Creatures
  2 gnolls
  3 adders
  A worm (D:1)
  A dart slug (D:1)
  An orc (D:4)
  5 ball pythons
  2 endoplasms
  2 giant cockroaches
  4 goblins (D:1)
  5 hobgoblins
  2 quokkas
  A bat (D:2)
  A frilled lizard (D:1)
  3 kobolds
  7 rats
40 creatures vanquished.

Notes
Turn   | Place    | Note
-------+----------+-------------------------------------------
     0 | D:1      | Ablot the Gnoll Warper began the quest for the Orb.
     0 | D:1      | Reached XP level 1. HP: 20/20 MP: 6/6
   295 | D:1      | Reached XP level 2. HP: 21/26 MP: 7/7
   298 | D:1      | Learned a level 2 spell: Blink
   620 | D:1      | Found Jyasew's Distillery.
   623 | D:1      | Bought a potion of degeneration for 12 gold pieces
  1117 | D:2      | Reached XP level 3. HP: 11/31 MP: 9/9
  1152 | D:1      | Reached skill level 5 in Spellcasting
  1476 | D:1      | Reached skill level 1 in Invocations
  1839 | D:2      | Reached skill level 1 in Short Blades
  1839 | D:2      | Reached skill level 1 in Long Blades
  1839 | D:2      | Reached skill level 1 in Axes
  1839 | D:2      | Reached skill level 1 in Maces & Flails
  1839 | D:2      | Reached skill level 1 in Staves
  1839 | D:2      | Reached skill level 1 in Slings
  1839 | D:2      | Reached skill level 1 in Bows
  1839 | D:2      | Reached skill level 1 in Crossbows
  1839 | D:2      | Reached skill level 1 in Stealth
  1839 | D:2      | Reached skill level 1 in Shields
  1839 | D:2      | Reached skill level 1 in Unarmed Combat
  1839 | D:2      | Reached skill level 1 in Evocations
  1949 | D:2      | Reached XP level 4. HP: 23/38 MP: 11/11
  2776 | D:2      | You fall into a shaft and drop 2 floors!
  2781 | D:4      | Reached skill level 1 in Conjurations
  2781 | D:4      | Reached skill level 1 in Hexes
  2781 | D:4      | Reached skill level 1 in Summonings
  2781 | D:4      | Reached skill level 1 in Necromancy
  2781 | D:4      | Reached skill level 1 in Transmutations
  2781 | D:4      | Reached skill level 1 in Fire Magic
  2781 | D:4      | Reached skill level 1 in Ice Magic
  2781 | D:4      | Reached skill level 1 in Air Magic
  2781 | D:4      | Reached skill level 1 in Earth Magic
  2781 | D:4      | Reached skill level 1 in Poison Magic
  2789 | D:4      | Noticed an ogre
  2804 | D:4      | Mangled by an ogre

Illustrated notes

Levels and vault maps discovered:
D:1:      dpeg_arrival_tiny_k, layout_loops_ring, serial_shops, shop_statue,
          st_stairs_1, chequers_serial_rivers_micro_b, minivault_26
D:2:      layout_rooms, basic_altar, serial_glass, glass_columns_a,
          glass_columns_a, glass_columns_a, glass_columns_a, glass_columns_a
D:4:      layout_basic

Skill      XL: |  1  2  3  4 |
---------------+-------------+-----
Spellcasting   | 5 |  5.1
Invocations    | 1 |  1.3
Short Blades   | 1 |  1.2
Long Blades    | 1 |  1.2
Axes           | 1 |  1.2
Maces & Flails | 1 |  1.2
Staves         | 1 |  1.2
Slings         | 1 |  1.2
Bows           | 1 |  1.2
Crossbows      | 1 |  1.2
Stealth        | 1 |  1.2
Shields        | 1 |  1.2
Unarmed Combat | 1 |  1.2
Evocations     | 1 |  1.2
Conjurations   | 1 |  1.0
Hexes          | 1 |  1.0
Summonings     | 1 |  1.0
Necromancy     | 1 |  1.0
Transmutations | 1 |  1.0
Fire Magic     | 1 |  1.0
Ice Magic      | 1 |  1.0
Air Magic      | 1 |  1.0
Earth Magic    | 1 |  1.0
Poison Magic   | 1 |  1.0
Fighting       | |  4.6
Polearms       | |  4.6
Throwing       | |  2.8
Armour         | |  2.8
Dodging        | |  4.6
Translocations | |  5.5

Action                   |  1- 3 |  4- 6 || total
-------------------------+-------+-------++-------
Melee: Spear             |   137 |    48 ||   185
       Bite              |    11 |     5 ||    16
       Punch             |     1 |     2 ||     3
Throw: Boomerang         |       |     5 ||     5
 Cast: Blink             |       |     1 ||     1
 Stab: Sleeping          |     3 |       ||     3
Armor: Leather armour    |    10 |     7 ||    17
Dodge: Dodged            |    46 |    29 ||    75
